[Event "Late-Titled-Tuesday-Blitz-February-06-2024"]
[Site "Chess.com"]
[Date "2024.02.06"]
[Round "11"]
[White "JonasGallasch"]
[Black "jaskol95"]
[Result "1/2-1/2"]
[WhiteElo "2431"]
[BlackElo "2577"]
[TimeControl "180+1"]
[EndTime "16:06:09 PST"]
[Termination "Game drawn - insufficient material"]

1. d4 d5 2. c4 e5 3. dxe5 d4 4. a3 Nc6 5. Nf3 a5 6. e3 Bc5 7. exd4 Bxd4 8. Be2 Bf5 9. O-O Bxe5 10. Nxe5 Nxe5 11.
Bf4 Qe7 12. Bxe5 Qxe5 13. Re1 Rd8 14. Bd3 Be4 15. Nc3 f5 16. Nxe4 fxe4 17. Rxe4 Qxe4 18. Bxe4 Rxd1+ 19. Rxd1 c6 20. Rd3 Nf6 21. Bf3 O-O 22. Kf1 Re8 23. b4 axb4 24. axb4 Kf7 25. b5 cxb5 26. cxb5 Re5 27. Rb3 b6 28. Bc6 Ke7 29.
Ra3 Kd6 30. Ra6 Kc5 31. Ra7 g6 32. Rf7 Ne4 33. Bxe4 Rxe4 34. Rxh7 Kxb5 35. Rh6 g5 36. Rh5 Re5 37. h4 Kc4 38. Rxg5 Re4 39. h5 b5 40. f3 Rh4 41. Rg4+ Rxg4 42. fxg4 b4 43. h6 b3 44. h7 b2 45. h8=Q b1=Q+ 46. Kf2 Kd5 47. Qd8+ Ke5 48. Qe7+ Kf4 49. g3+ Kxg4 50. Qg7+ Kh5 51.
g4+ Kh4 52. Qh6+ Kxg4 53. Qg7+ Kf4 54. Qf7+ Ke5 55. Qe7+ Kd4 56. Qf6+ Kd5 57. Qf7+ Kd6 58. Qf8+ Kd7 59. Qg7+ Ke6 60. Qh6+ Ke5 61. Qh8+ Kf4 62. Qh6+ Kg4 63. Qg7+ Kf4 64. Qg3+ Kf5 65. Qh3+ Kf6 66. Qh8+ Kf7 67. Qh5+ Kg7 68. Qg4+ Qg6 69. Qxg6+ Kxg6 1/2-1/2

[Event "Late-Titled-Tuesday-Blitz-February-06-2024"]
[Site "Chess.com"]
[Date "2024.02.06"]
[Round "11"]
[White "Oleksandr_Bortnyk"]
[Black "BogdanDeac"]
[Result "1-0"]
[WhiteElo "3079"]
[BlackElo "3006"]
[TimeControl "180+1"]
[EndTime "16:06:12 PST"]
[Termination "Oleksandr_Bortnyk won by resignation"]

1. e4 e5 2. Nf3 Nf6 3. Nxe5 d6 4. Nf3 Nxe4 5. Bd3 d5 6. O-O Be7 7. c3 O-O 8. Re1 c5 9. Bc2 Nc6 10. d3 Nd6 11. d4 cxd4 12. Nxd4 Bf6 13. Bf4 g6 14. Nf3 Nc4 15. b3 Nb6 16. h3 Re8 17.
Rxe8+ Qxe8 18. Na3 a6 19. Qd2 Qf8 20. Re1 Bxh3 21.
gxh3 Qxa3 22. Be3 d4 23. cxd4 Qxa2 24. Re2 Nd5 25. Bh6 Qa5 26. Qxa5 Nxa5 27. Ne5 Bg7 28. Bd2 Nc6 29. Nxc6 bxc6 30. Be3 a5 31. Bd3 a4 32.
bxa4 Rxa4 33. Rc2 Bxd4 34. Bh6 Nb4 35. Rc4 c5 36. Bf1 Ra8 37. Rc1 Nd5 38. Bg2 Rd8 39. Re1 Nf6 40. Re7 Re8 41. Rb7 Rd8 42. Rc7 Nh5 43.
Rc6 Bg7 44. Bg5 Re8 45. Bf3 Be5 46. Rxc5 Bf6 47. Bxh5 Bxg5 48. Rxg5 f6 49. Rg3 Kg7 50. Bf3 f5 51. Bg2 Kf6 52. Rd3 Kg5 53. Bf1 Kh4 54. Rd4+ Kg5 55. h4+ Kf6 56. Bg2 Kg7 57. Kh2 Re7 58.
Kg3 Kh6 59. Rd6 Ra7 60. Bf3 Re7 61. Rb6 Rc7 62. Rb7 Rc5 63. Rd7 Re5 64. Bd5 Re8 65. f3 Rf8 66. Re7 Rd8 67. Bf7 Rf8 68. Be6 Rd8 69. Rc7 Re8 70. Rc6 Rd8 71. Bxf5 Re8 72. Bg4 1-0

[Event "Late-Titled-Tuesday-Blitz-February-06-2024"]
[Site "Chess.com"]
[Date "2024.02.06"]
[Round "11"]
[White "only_strong_moves"]
[Black "ural58"]
[Result "0-1"]
[WhiteElo "2634"]
[BlackElo "2493"]
[TimeControl "180+1"]
[EndTime "16:06:29 PST"]
[Termination "ural58 won by resignation"]

1. e4 d5 2. exd5 Qxd5 3. Nc3 Qa5 4. d4 Nf6 5. Bc4 Nc6 6. Ne2 Be6 7. Bxe6 fxe6 8. Nf4 O-O-O 9. Nxe6 Rd6 10. Nxf8 Rxd4 11. Qe2 Rxf8 12. Be3 Rd7 13. O-O e5 14. Rad1 Nd4 15.
Bxd4 exd4 16. Nb5 Rfd8 17. Qc4 Qb6 18. a4 a6 19. Na3 Qxb2 20. Rd3 Qb6 21. Rb1 Qc6 22.
Qxc6 bxc6 23. Nc4 Rd5 24. Rdb3 Kd7 25. Rg3 g6 26. Rf3 Rf5 27. Rd3 c5 28. f3 Nd5 29. Kf2 g5 30. Rb7 g4 31. Ra7 Nb4 32.
Rd2 gxf3 33. g4 Rf6 34. c3 Nc6 35. Rxa6 Rh6 36. cxd4 Rxh2+ 37. Kxf3 Rxd2 38. Nxd2 Nxd4+ 39. Kg3 Nc6 40. Ne4 c4 41. Nf6+ Kd6 42. Ne4+ Kd5 43. Nc3+ Kd4 44. Nb5+ Kc5 45. Nxc7 Rd3+ 46. Kf4 c3 47.
Ne6+ Kd5 48. Nc7+ Kc5 49. Ne6+ Kd5 50. Nc7+ Kd6 51. Nb5+ Kc5 52. Na7 Nd4 53. Ke4 Rd1 54.
Nb5 Nxb5 55. axb5 Kxb5 56. Ra2 Rd2 57. Ra3 Kb4 58. Ra8 c2 59. Rc8 Rh2 60. Kf5 Kb3 61.
Rb8+ Ka2 62. Ra8+ Kb1 63. Rb8+ Kc1 64. Kf6 Rh3 65. g5 Kd2 66. Rd8+ Rd3 67. Rc8 c1=Q 68. Rxc1 Kxc1 69. Kg7 Rg3 70. Kh6 Rg1 71. Kh5 Rh1+ 72. Kg4 Kd2 73. Kf5 Kd3 74. Kf6 Ke4 75. Kg7 Kf5 76.
g6 hxg6 0-1

[Event "Late-Titled-Tuesday-Blitz-February-06-2024"]
[Site "Chess.com"]
[Date "2024.02.06"]
[Round "11"]
[White "Chempiblinka"]
[Black "HaryKane"]
[Result "0-1"]
[WhiteElo "2369"]
[BlackElo "2567"]
[TimeControl "180+1"]
[EndTime "16:06:35 PST"]
[Termination "HaryKane won by checkmate"]

1. Nf3 d5 2. g3 Nd7 3. Bg2 e5 4. d3 Ngf6 5. O-O Be7 6. b3 O-O 7. Bb2 d4 8. c3 c5 9. Nbd2 Re8 10. Nc4 Bf8 11. Rc1 Rb8 12. a4 a6 13. a5 h6 14. e3 dxe3 15. fxe3 Qc7 16. e4 b5 17. axb6 Nxb6 18. Ne3 Ng4 19. Nd5 Nxd5 20. exd5 Ne3 21. Qd2 Nxf1 22. Rxf1 Rxb3 23. Nh4 c4 24. dxc4 Qb6+ 25.
Kh1 Rxb2 26. Qd3 Rf2 27. Rb1 Qa5 28. d6 Rd8 29. Qe3 Rf6 30. c5 Qxc3 31. Qxc3 g5 32. Nf3 Bg7 33. Nxe5 Re6 34. Re1 Rde8 35. c6 Rxd6 36.
Qc5 Rde6 37. Bd5 Rxe5 38. Rxe5 Rxe5 39. Qd6 Bh3 40. Qd8+ Kh7 41. Kg1 Re2 42. Bxf7 Re1+ 43. Kf2 Rf1+ 44. Ke2 Rxf7 45. c7 Rf8 46. Qd3+ Kh8 47.
Qd8 Bc8 48. Qd6 a5 49. Qc6 Kh7 50. Qc5 Re8+ 51. Kd2 Re5 52. Qc2+ Kh8 53. Qc6 Re6 54. Qc5 Re8 55. Qc2 a4 56. Qxa4 Re7 57. Qc6 Rf7 58.
Qc5 Rf8 59. Qc6 Kg8 60. Qc4+ Kh8 61. Kc2 Re8 62. Qc6 Bf5+ 63. Kb3 Rf8 64. Qd6 Bc8 65. Kc4 Re8 66. Qd3 Be6+ 67. Kb4 Bf8+ 68. Ka4 Ra8+ 69.
Kb5 Re8 70. Kc6 Bc8 71. Qc3+ Kg8 72. Qc4+ Re6+ 73. Qxe6+ Bxe6 74. Kb7 Kf7 75. c8=Q Bxc8+ 76. Kxc8 Kf6 77. Kd7 Kf5 78. Ke8 Bc5 79. Kf7 Bg1 80.
h4 g4 81. h5 Bf2 82. Kg7 Bxg3 83. Kxh6 Bf4+ 84. Kg7 g3 85. h6 Bxh6+ 86. Kxh6 g2 87. Kh5 g1=Q 88. Kh4 Qg4# 0-1

[Event "Late-Titled-Tuesday-Blitz-February-06-2024"]
[Site "Chess.com"]
[Date "2024.02.06"]
[Round "11"]
[White "GadimbayliA"]
[Black "AryanTari"]
[Result "1-0"]
[WhiteElo "2854"]
[BlackElo "2915"]
[TimeControl "180+1"]
[EndTime "16:06:40 PST"]
[Termination "GadimbayliA won by resignation"]

1. e4 e5 2. Nf3 Nc6 3. Nc3 Nf6 4.
d4 exd4 5. Nxd4 Bb4 6. Nxc6 bxc6 7. Bd3 d5 8. exd5 O-O 9. O-O cxd5 10. Bg5 Be7 11.
Bxf6 Bxf6 12. Nxd5 Bxb2 13. Rb1 Ba3 14. Qf3 Be6 15. Nf4 Qf6 16. Nxe6 Qxf3 17. Bxh7+ Kh8 18. gxf3 fxe6 19. Be4 Rab8 20. Rb3 Bd6 21. Re1 Kg8 22. Bc6 Kf7 23. Bd7 e5 24. Bc6 Rb6 25. Be4 Ra6 26. Rb7 Kf6 27. Bd5 Ra5 28. Bb3 Rc8 29. Rd1 Bc5 30. Rd5 Bb6 31. Rxa5 Bxa5 32. Rxa7 Bb6 33. Ra6 Rd8 34. a4 Rd1+ 35. Kg2 Ra1 36. Ra8 g5 37.
Rf8+ Kg6 38. Rg8+ Kf6 39. Rf8+ Kg6 40. Bc4 Rxa4 41. Bd3+ Kh6 42. Rf6+ Kh5 43. Bf5 g4 44. Bxg4+ Kg5 45. Rf5+ Kg6 46. Rxe5 Rd4 47. Re2 Bc5 48. h4 Bd6 49. Re6+ Kf7 50. Re2 Ra4 51. h5 Ra5 52.
Re6 Rc5 53. Rg6 Rxc2 54. Be6+ Ke7 55. h6 Be5 56. h7 Bd4 57. Bf5 Rxf2+ 58. Kg3 Rf1 59.
Rg8 Rh1 60. Bh3 Rg1+ 61. Kh2 Rc1 62. h8=Q Bxh8 63. Rxh8 c5 64. Kg3 c4 65. Rc8 c3 66.
Bf5 Kd6 67. Kf4 Kd5 68. Be4+ Kd4 69. Kf5 Rh1 70. Rd8+ Kc4 71. Rc8+ Kd4 72. Rd8+ Kc4 73. Ke5 Rh5+ 74. Bf5 Kb3 75. Rb8+ Kc4 76. Rc8+ Kb3 77.
f4 Rh1 78. Be4 Rh5+ 79. f5 Rh8 80.
Rxh8 1-0

[Event "Late-Titled-Tuesday-Blitz-February-06-2024"]
[Site "Chess.com"]
[Date "2024.02.06"]
[Round "11"]
[White "zverr1"]
[Black "Felix-Rose"]
[Result "1-0"]
[WhiteElo "2571"]
[BlackElo "2381"]
[TimeControl "180+1"]
[EndTime "16:06:42 PST"]
[Termination "zverr1 won by checkmate"]

1. e4 e5 2. Nf3 Nc6 3. Bc4 Nf6 4. Ng5 d5 5. exd5 Na5 6. Bb5+ c6 7. dxc6 bxc6 8.
Be2 h6 9. Nh3 Bd6 10. Nc3 O-O 11. d3 Rb8 12. O-O c5 13. Bf3 Qc7 14. Kh1 Nc6 15.
Nd5 Nxd5 16. Bxd5 Ne7 17. Bf3 e4 18. Bxe4 Bxh2 19. Qh5 Be5 20. Rb1 f5 21. Bf3 Be6 22. b3 Bf7 23. Qh4 Rb4 24. c4 Ng6 25. Qh5 Qd7 26. Bd5 Bxd5 27. cxd5 Rf6 28. Bb2 Bxb2 29.
Rxb2 Qxd5 30. Qe2 Rh4 31. f3 Re6 32. Qc2 Nf4 33. Qc4 Qxc4 34. bxc4 Nxh3 35. gxh3 Rxh3+ 36. Kg2 Rh4 37. Kg3 Rd4 38. Rb5 Rc6 39. Re1 Rxd3 40. Re5 Rg6+ 41. Kf4 Rd4+ 42. Ke3 Rxc4 43. Rxf5 Re6+ 44.
Kf2 Rc2+ 45. Kg3 Rg6+ 46. Kf4 Rxa2 47. Rbxc5 Ra4+ 48. Ke3 Re6+ 49. Kf2 Ra2+ 50. Kg3 Rg6+ 51. Kf4 Ra4+ 52. Ke3 Kh7 53. Rc8 Ra3+ 54. Kf2 a5 55. Rff8 Rb6 56. Kg3 Rg6+ 57. Kh4 Rd6 58. f4 Rdd3 59. f5 Rh3+ 60. Kg4 Rag3+ 61. Kf4 Rf3+ 62.
Ke4 Re3+ 63. Kd4 Rd3+ 64. Ke5 Rhe3+ 65. Kf4 Rf3+ 66. Kg4 h5+ 67. Kxh5 Rh3+ 68. Kg4 Rdg3+ 69. Kf4 Rf3+ 70. Ke4 Kh6 71. Rc6+ Kg5 72. Rg6+ Kh5 73. Rh8# 1-0

[Event "Late-Titled-Tuesday-Blitz-February-06-2024"]
[Site "Chess.com"]
[Date "2024.02.06"]
[Round "11"]
[White "Zhigalko_Sergei"]
[Black "Konavets"]
[Result "1/2-1/2"]
[WhiteElo "2961"]
[BlackElo "3117"]
[TimeControl "180+1"]
[EndTime "16:06:54 PST"]
[Termination "Game drawn by repetition"]

1. e4 e5 2. Nf3 Nc6 3. Bc4 Bc5 4. b4 Bxb4 5. c3 Be7 6. d4 Na5 7. Bd3 d6 8. dxe5 dxe5 9. Nxe5 Nf6 10. O-O O-O 11. Qc2 c5 12. Nd2 Qc7 13. f4 Rd8 14.
c4 Ng4 15. Nxg4 Bxg4 16. e5 Qd7 17. Bxh7+ Kh8 18. Kh1 g6 19. Bxg6 fxg6 20. Qxg6 Qf5 21. Qh6+ Qh7 22. Qxh7+ Kxh7 23. f5 Rd3 24. h3 Bh5 25. f6 Bf8 26. e6 Re8 27. Ne4 Rd4 28. f7 Re7 29. Nf6+ Kg6 30. g4 Bxg4 31. Nxg4 Rxe6 32.
Bh6 Rd8 33. Rf3 Bxh6 34. Nxh6 Rf8 35. Ng8 Kg7 36. Ne7 Rxf7 37. Rg1+ Kf8 38. Ng6+ Ke8 39. Rfg3 Nxc4 40. Rg4 Ne5 41. Re4 Rf5 42. Nf4 Re7 43.
Nd5 Rd7 44. Ne3 Rh5 45. Ng4 Rxh3+ 46. Kg2 Ra3 47. Nxe5 Rg7+ 48. Kf1 Rxg1+ 49. Kxg1 Rxa2 50. Nd3+ Kd7 51. Nxc5+ Kc6 52. Nd3 Rd2 53. Nf4 a5 54. Kf1 b5 55. Ke1 Rd8 56. Re6+ Kc5 57. Re7 Kb4 58. Ke2 a4 59. Nd3+ Kb3 60. Rb7 Rd5 61.
Nc1+ Kb2 62. Nd3+ Kb3 63. Nc1+ Kc3 64. Rc7+ Kb2 65. Nd3+ Kb3 66. Nc1+ Ka3 67. Nd3 b4 68. Kd2 Kb3 69. Rc1 Ka2 70. Rc2+ Ka3 71. Rc1 Rd4 72. Ra1+ Kb3 73. Rb1+ Ka3 74. Ra1+ Kb3 75. Rb1+ Ka3 76. Kc2 Rc4+ 77. Kd2 Rh4 78. Ra1+ Kb3 79. Rb1+ Ka3 80.
Ra1+ Kb3 81. Nc5+ Kc4 82. Nxa4 Rh2+ 83. Ke3 b3 84. Rb1 Kb4 85. Nb2 Ka3 86. Nc4+ Kb4 87. Nd2 Rh3+ 88. Ke2 Rh2+ 89. Kd3 Rh3+ 90. Kd4 Rh4+ 91.
Ne4 Rh8 92. Nd2 Rh4+ 93. Ke3 Rh3+ 94. Kd4 Rh4+ 1/2-1/2

[Event "Late-Titled-Tuesday-Blitz-February-06-2024"]
[Site "Chess.com"]
[Date "2024.02.06"]
[Round "11"]
[White "OneTrickPony_82"]
[Black "Goryachkina"]
[Result "0-1"]
[WhiteElo "2553"]
[BlackElo "2693"]
[TimeControl "180+1"]
[EndTime "16:06:58 PST"]
[Termination "Goryachkina won by checkmate"]

1. e4 c5 2. Nf3 e6 3. d4 cxd4 4. Nxd4 Nc6 5. Bf4 Bc5 6. Nxc6 bxc6 7. Bd3 Ne7 8. O-O Ng6 9. Bd2 O-O 10. Nc3 e5 11. Na4 Be7 12. c4 d6 13. Qf3 Be6 14. Rad1 Qc8 15. b3 Bg4 16. Qg3 Bh4 17. Qe3 Bxd1 18.
Rxd1 h6 19. Bb4 c5 20. Be1 Bg5 21. Qf3 Nf4 22. Bf1 Qe6 23. h4 Be7 24. g3 Ng6 25.
Kh2 Qf6 26. Qe2 Bd8 27. Bh3 Ne7 28. Qd3 Bc7 29. Nc3 Rad8 30. Nb5 Bb8 31. Nc3 Qg6 32.
Qe2 Kh8 33. g4 Qf6 34. h5 Bc7 35. Rd3 g6 36. Nb5 Bb6 37. Rf3 Qg7 38. Rd3 Nc6 39.
Bc3 Nd4 40. Nxd4 cxd4 41. Bd2 Rde8 42. Rf3 Bd8 43. Bb4 Be7 44. Rg3 Rd8 45. Qd2 Bg5 46. Qe2 Bf4 47. Kg2 Bxg3 48. fxg3 Qf6 49. Bd2 g5 50.
Qd3 Qe6 51. Kh2 Kg7 52. b4 Rc8 53. Bf1 Rc7 54. Kh3 Rfc8 55. Qf3 Rxc4 56. Bd3 Rc3 57.
Bxc3 dxc3 58. Bc2 Qxa2 59. Qe2 Qc4 60. Qf2 Qxb4 61. Qf1 Qc4 62. Bd3 Qe6 63. Bc2 a5 64. Qd1 Rc7 65. Bb3 Qe7 66. Bc2 Qf6 67. Bb3 Qf2 68.
Qd5 Qf6 69. Qd3 Rc5 70. Bc2 Rc7 71. Qe3 Qe7 72. Bb3 Rc5 73. Qd3 Qc7 74. Bc2 a4 75.
Qf3 a3 76. Bb3 a2 77. Bxa2 c2 78. Bb1 cxb1=Q 79. Qf2 Qh1+ 80. Qh2 Qxh2+ 81. Kxh2 Rc2+ 82. Kh3 Rc4 83. Kh2 d5 84. Kh3 d4 85. Kg2 d3 86.
Kh3 Rxe4 87. Kg2 Rf4 88. Kh3 d2 89. Kg2 d1=Q 90. Kh3 Qh1# 0-1

[Event "Late-Titled-Tuesday-Blitz-February-06-2024"]
[Site "Chess.com"]
[Date "2024.02.06"]
[Round "11"]
[White "sotochess"]
[Black "Igor_Lysyj"]
[Result "0-1"]
[WhiteElo "2576"]
[BlackElo "2863"]
[TimeControl "180+1"]
[EndTime "16:07:12 PST"]
[Termination "Igor_Lysyj won by resignation"]

1. e4 e5 2. Nf3 Nc6 3. Bc4 Bc5 4.
O-O Nf6 5. d3 d6 6. Be3 Bxe3 7.
fxe3 O-O 8. Qe1 Ne7 9. Nh4 Be6 10.
Bb3 Qd7 11. Nc3 a5 12. Qg3 Kh8 13. d4 Bxb3 14. axb3 Qg4 15. Qxg4 Nxg4 16. Rae1 c6 17. h3 Nf6 18. g4 b5 19. g5 Nd7 20. Rd1 Nb6 21.
Nf3 exd4 22. exd4 f6 23. h4 d5 24. e5 Nf5 25. Rfe1 fxg5 26. hxg5 b4 27. Nb1 a4 28.
bxa4 Nxa4 29. b3 Nb6 30. c3 bxc3 31. Nxc3 Kg8 32. Rd2 Nc8 33. Na4 Nce7 34. Kg2 Ng6 35. Kh2 Nf4 36. Nc5 Rae8 37. Ra1 Ne6 38. Nxe6 Rxe6 39.
Ra7 Ne7 40. Kg3 h6 41. Kg4 Rg6 42. Rxe7 Rb8 43. Rd3 Kh7 44. Rc3 Rf8 45. Re3 Rb8 46. Rd7 Re8 47. Rc7 Rge6 48. Rd7 Rf8 49. Nh4 hxg5 50.
Kxg5 Rf1 51. Rg3 Rh6 52. Kg4 Rh1 53. Rxg7+ Kxg7 54. Nf5+ Kf7 55. Nxh6+ Rxh6 56. Rf3+ Ke7 57. Kg5 Rh2 58. Rc3 Kd7 59. Kf6 Rf2+ 60. Kg7 Rf4 61. e6+ Kd6 62. e7 Kxe7 63. Rxc6 Rxd4 64. Rc1 Rg4+ 65. Kh6 Kd6 66. Kh5 Rg3 67. b4 Rb3 68.
Kg5 Rxb4 69. Kf5 Re4 70. Rc8 Re1 71. Kf4 d4 72. Kf3 Kd5 73. Kf2 Re7 74. Rc1 d3 75. Rc8 Kd4 76. Kf1 d2 77. Rd8+ Kc3 78. Rc8+ Kd3 79.
Rd8+ Kc2 80. Rc8+ Kd1 81. Rd8 Rf7+ 82. Kg2 Rc7 83. Kf2 Kc1 84. Ke2 Re7+ 85. Kf3 d1=Q+ 86. Rxd1+ Kxd1 0-1

[Event "Late-Titled-Tuesday-Blitz-February-06-2024"]
[Site "Chess.com"]
[Date "2024.02.06"]
[Round "11"]
[White "jinbojinbo"]
[Black "LikeWater"]
[Result "1/2-1/2"]
[WhiteElo "2632"]
[BlackElo "2778"]
[TimeControl "180+1"]
[EndTime "16:07:43 PST"]
[Termination "Game drawn by stalemate"]

1. Nf3 g6 2. d4 Bg7 3. c4 c5 4. d5 Nf6 5. Nc3 O-O 6. e4 d6 7.
Be2 e6 8. Be3 exd5 9. cxd5 Bg4 10. Nd2 Bxe2 11. Qxe2 Re8 12. O-O Nbd7 13. h3 a6 14. a4 Rc8 15. f3 Ne5 16. f4 Ned7 17. Rae1 Nb6 18. Kh1 Nfd7 19. a5 Na8 20. Nc4 Nf6 21. Qd3 b5 22. axb6 Nxb6 23. Na5 Nbxd5 24. Nxd5 Nxd5 25. Qxd5 Qxa5 26. e5 dxe5 27. fxe5 Qc7 28. Bf4 Re6 29. Qc4 Rce8 30. b4 Bxe5 31. Bxe5 Rxe5 32.
Rxe5 Rxe5 33. bxc5 Rxc5 34. Qxa6 Rc1 35. Rxc1 Qxc1+ 36. Kh2 Kg7 37. Qd3 Qf4+ 38. Kh1 h5 39.
Qd5 h4 40. Kg1 Qf6 41. Kh1 Qf4 42. Kg1 Kh6 43. Kh1 Qf2 44. Qe4 g5 45. Qc6+ f6 46.
Qe8 Qf1+ 47. Kh2 Qf4+ 48. Kh1 Qc1+ 49. Kh2 Qc7+ 50. Kh1 Qg7 51. Qe6 Qf8 52. Qf5 Kg7 53. Qd7+ Qf7 54. Qc8 Qe7 55. Kh2 Qe5+ 56. Kh1 Qe7 57. Kh2 Qa7 58. Kh1 Qf7 59. Kh2 f5 60. Kh1 Kg6 61. Qc6+ Qf6 62. Qe8+ Qf7 63. Qc6+ Kg7 64.
Qd6 Qf6 65. Qd7+ Kh6 66. Qe8 g4 67. hxg4 fxg4 68. Qe3+ Kh5 69. Qc5+ Kg6 70. Qc2+ Kg7 71. Qc7+ Kh6 72. Qc1+ Kg6 73. Qc2+ Qf5 74. Qc6+ Kg5 75. Qc1+ Kh5 76. Qa1 g3 77. Qh8+ Kg4 78. Qg7+ Kf4 79. Qd4+ Qe4 80. Qxe4+ Kxe4 81. Kg1 Ke3 82. Kh1 Ke2 83. Kg1 Ke1 84. Kh1 Kd2 85. Kg1 Ke3 86. Kh1 Ke4 87. Kg1 Kf4 88. Kh1 h3 89. Kg1 hxg2 90. Kxg2 Kg4 91. Kg1 Kh4 92. Kg2 Kg4 93. Kg1 Kf3 94. Kf1 g2+ 95. Kg1 Kg3 1/2-1/2